 Dungeon Crawl Stone Soup version 0.21-a0-52-gbf49515 (webtiles) character file.

102 mopl the Ruffian (level 4, 0/44 HPs)
             Began as a Troll Wanderer on June 13, 2017.
             Slain by a wight
             ... wielding a cursed +3 dagger of freezing
              (1 damage)
             ... on level 3 of the Dungeon.
             The game lasted 00:03:44 (1982 turns).

mopl the Ruffian (Troll Wanderer)                   Turns: 1982, Time: 00:03:46

Health: 0/44       AC:  5    Str: 17    XL:     4   Next: 49%
Magic:  3/3        EV:  9    Int:  9    God:
Gold:   158        SH:  0    Dex: 12    Spells: 3/3 levels left

rFire    . . .     SeeInvis .     - Unarmed
rCold    . . .     Gourm    +   (no shield)
rNeg     . . .     Faith    .   f - +0 robe
rPois    .         Spirit   .   (helmet restricted)
rElec    .         Reflect  .   (no cloak)
rCorr    .         Harm     .   (gloves unavailable)
MR       .....                  (boots unavailable)
Stlth    ++........             (no amulet)
Regen    0.6/turn               (no ring)
MPRegen  0.1/turn               (no ring)

@: no status effects
A: unfitting armour, claws 3, fast metabolism 3, gourmand, regeneration 1,
shaggy fur 1, tough skin 2
a: no special abilities


You were on level 3 of the Dungeon.
You were very full.

You visited 1 branch of the dungeon, and saw 3 of its levels.

You collected 158 gold pieces.

Inventory:

Hand Weapons
 b - a +2 blowgun
 c - a +0 hand crossbow
 g - a +0 dagger
 y - a +2 scimitar of holy wrath
Missiles
 a - 2 curare-tipped needles
 d - 22 bolts
 m - 2 large rocks
 o - 8 poisoned needles
 p - 113 stones (quivered)
 u - 6 javelins
Armour
 f - a +0 robe (worn)
Scrolls
 e - 2 scrolls of teleportation
 n - a scroll of amnesia
 q - a scroll of enchant armour {unknown}
Potions
 i - a potion of might
 v - a potion of curing
Comestibles
 h - 2 bread rations
 j - 4 chunks of flesh
 r - a fruit
 t - 2 royal jellies


   Skills:
 + Level 2.9 Fighting
 + Level 2.1 Throwing
 - Level 1.0 Dodging
 - Level 1.0 Stealth
   Level 1.0 Shields
 * Level 3.7 Unarmed Combat


You had 3 spell levels left.
You didn't know any spells.

Dungeon Overview and Level Annotations

Branches:
Dungeon (3/15)

Altars:
Makhleb

Annotations:
D:3 1 transporter


Innate Abilities, Weirdness & Mutations

You are too large for most types of armour.
You have claws for hands.
Your metabolism is lightning-fast.
You like to eat raw meat.
Your natural rate of healing is unusually fast.
You are covered in fur. (AC +1)
You have very tough skin. (AC +2)


Message History

The wight hits you with a dagger of freezing.
The wight freezes you.
Found a scroll of teleportation.
You see here an arrow.
The centaur shoots an arrow.
The arrow hits you!
* * * LOW HITPOINT WARNING * * *
Found a scroll of teleportation.
You see here an arrow.
The centaur shoots an arrow.
The arrow barely misses you.
The orc warrior throws a tomahawk of returning.
The tomahawk of returning barely misses you.
The centaur shoots an arrow.
The arrow barely misses you.
You see here a tomahawk of returning.
The centaur shoots an arrow.
The arrow hits you!
* * * LOW HITPOINT WARNING * * *
The orc warrior throws a tomahawk of returning.
The tomahawk of returning barely misses you.
The weapon returns to the orc warrior!
The wight hits you with a dagger of freezing.
You die...

..###.......###.###...##..####
.............................
.###.#.###.###......###...
#......................#.#
###...##.#...#########[..## #+
+...+..#..##...©...##...# ...
#.. #.....#8.#...#.8#.#.#....
#.. #.....#$(.#.#c.)#.#......
#...#...).#.$@......#..#.....
#.........#_$(z.o...#©...###+
..##......#((.S[(...#....#
+.......#$?.#(#...#..+.....
##.####.#8.#...#.8#..##.##.
... ...##.......##....... ...#
.....#########....# .#. ..
..................# .
..................#


You could see an orc warrior, a centaur, a wight and a ball python.

Vanquished Creatures
  3 adders (D:2)
  An ooze (D:2)
  A worm (D:2)
  2 dart slugs
  3 leopard geckos (D:1)
  An orc (D:3)
  3 giant cockroaches
  5 goblins
  4 hobgoblins
  10 jackals
  4 kobolds
  9 bats
  2 frilled lizards
  13 rats
61 creatures vanquished.

Notes
Turn   | Place    | Note
-------+----------+-------------------------------------------
     0 | D:1      | mopl the Troll Wanderer began the quest for the Orb.
     0 | D:1      | mopl set off with: 2 curare-tipped needles, a +2 blowgun, a +0 hand crossbow, 23 bolts, a scroll of teleportation, a +0 robe, a +0 dagger, 2 bread rations
     0 | D:1      | Reached XP level 1. HP: 22/22 MP: 0/0
   133 | D:1      | Reached XP level 2. HP: 29/29 MP: 1/1
   689 | D:1      | Reached XP level 3. HP: 36/36 MP: 2/2
  1181 | D:2      | Reached skill level 3 in Unarmed Combat
  1318 | D:2      | Reached skill level 2 in Throwing
  1353 | D:2      | Reached XP level 4. HP: 41/44 MP: 3/3
  1916 | D:3      | Found a transporter.
  1933 | D:3      | Noticed a centaur
  1934 | D:3      | Found a burning altar of Makhleb.
  1935 | D:3      | Noticed an orc warrior
  1969 | D:3      | Found a transporter.
  1982 | D:3      | HP: 1/44 [centaur/arrow (12)]
  1982 | D:3      | Slain by a wight

Vault maps used:
D:1:      dpeg_arrival_long_road, minmay_misc_feat_more_columns,
          minmay_misc_feat_rugged, chequers_big_river
D:2:      minmay_rat_gold_closets
D:3:      nemelex_xobeh_ov_fountains_minmay, overflow_temple_1_default,
          gammafunk_temple_overflow_arena, st_stairs_12

Skill      XL: |  1  2  3 |
---------------+----------+-----
Unarmed Combat | 3 |  3.7
Throwing       | 2 |  2.1
Fighting       | |  2.9
Dodging        | |  1.0
Stealth        | |  1.0
Shields        | |  1.0

Action                   |  1- 3 |  4- 6 || total
-------------------------+-------+-------++-------
Melee: Unarmed           |   130 |    39 ||   169
       Punch             |     1 |     1 ||     2
 Fire: Hand crossbow     |    10 |       ||    10
  Use: Scroll            |       |     6 ||     6
 Stab: Sleeping          |     2 |     2 ||     4
  Eat: Chunk             |    18 |     5 ||    23
Armor: Robe              |    54 |    14 ||    68
Dodge: Dodged            |    64 |    26 ||    90
